 Dungeon Crawl Stone Soup version 0.19-a0-1740-g0bcaf2e (webtiles) character file.

1169 Amnesiac the Digger (level 8, 0/52 HPs)
             Began as a Mummy Earth Elementalist on Oct 2, 2016.
             Killed by miscasting Petrify (26 damage)
             ... on level 6 of the Dungeon.
             The game lasted 00:11:49 (5157 turns).

Amnesiac the Digger (Mummy Earth Elementalist)      Turns: 5157, Time: 00:11:50

Health: 0/52       AC:  3    Str: 11    XL:     8   Next: 17%
Magic:  7/14       EV: 12    Int: 14    God:
Gold:   185        SH:  0    Dex: 15    Spells: 3 memorised, 8 levels left

rFire  x . .     SeeInvis .     q - +0 short sword (drain)
rCold  + . .     Gourm    .     c - +0 robe
rNeg   + + +     Faith    .     (no shield)
rPois  ∞         Spirit   .     p - +0 helmet
rElec  .         Dismiss  .     (no cloak)
rCorr  .         Reflect  .     (no gloves)
MR     +....     Harm     .     (no boots)
Stlth  ++........               (no amulet)
                                (no ring)
                                (no ring)

@: very slightly contaminated
A: no food or potions, fire vulnerability, cold resistance 1, negative energy
resistance 3, torment resistance, unbreathing
a: no special abilities


You were on level 6 of the Dungeon.
You were not hungry.

You visited 1 branch of the dungeon, and saw 6 of its levels.

You collected 185 gold pieces.

Inventory:

Hand Weapons
 g - a +0 dagger
 k - a +0 blowgun
 q - a +0 short sword of draining (weapon)
 r - a +1 battleaxe of freezing
 s - a +3 dire flail of freezing
Missiles
 b - 24 stones (quivered)
 l - 9 poisoned needles
Armour
 c - a +0 robe (worn)
 p - a +0 helmet (worn)
 t - a +2 helmet
Jewellery
 i - an uncursed amulet of magic regeneration {unknown}
 n - a cursed ring of loudness {unknown}
Scrolls
 a - 10 scrolls of identify {unknown}
 e - 2 scrolls of random uselessness {unknown}
 f - a scroll of noise {unknown}
 h - 2 scrolls of fog {unknown}
 j - a scroll of enchant weapon {unknown}
 m - a scroll of teleportation {unknown}
 o - 2 scrolls of remove curse {unknown}
Books
 d - a book of Geomancy

   Spells                             Type                      Level
   a - Sandblast                      Earth                        1
   b - Passwall                       Transmutation/Earth          2
   c - Stone Arrow                    Conjuration/Earth            3
   d - Petrify                        Transmutation/Earth          4
   e - Lee's Rapid Deconstruction     Earth                        5


   Skills:
 + Level 0.7 Short Blades
 - Level 1.5 Dodging
 - Level 1.5 Stealth
 - Level 4.0 Spellcasting
 - Level 1.8 Transmutations
 - Level 7.6 Earth Magic


You had 8 spell levels left.
You knew the following spells:

 Your Spells              Type           Power        Failure   Level  Hunger
e - Petrify               Tmut/Erth      ###.....     30%         4    N/A
f - Sandblast             Erth           ###...       1%          1    N/A
v - Passwall              Tmut/Erth      ###.......   4%          2    N/A

Dungeon Overview and Level Annotations

Branches:
Dungeon (6/15)
 Temple: D:4-7

Altars:
Fedhas
Hepliaklqana
Makhleb
Nemelex Xobeh
Sif Muna
The Shining One

Annotations:
D:6 exclusion: centaur


Innate Abilities, Weirdness & Mutations

You do not eat or drink.
Your flesh is vulnerable to fire.
You are immune to poison.
Your flesh is cold resistant. (rC+)
You are immune to negative energy. (rN+++)
You are immune to unholy pain and torment.
You can survive without breathing.


Message History

The orc is severely wounded.
The orc barely misses you.
The orc priest invokes the aid of Beogh against you.
Beogh smites you!
You barely miss the orc.
The orc is severely wounded.
The orc barely misses you.
You hit the orc.
You kill the orc!
Casting: Petrify
Confirm with . or Enter, or press ? or * to list all spells.
Aiming: Petrify
Press: ? - help, Shift-Dir - straight line, f - orc priest
Aim: an orc priest (chance to defeat MR: 47%)
You miscast Petrify.
You are very lightly contaminated with residual magic.
You are caught in an explosion of flying shrapnel!
The explosion engulfs you!
Ouch! That really hurt!
You die...

#..# #..# #..#
#.!#.# #/.#.# ..#
#..#.## #.#
######.....###.# #
#..oo@......##[# .
#.####.)....##.###
# #..#........ #
#......##.#######
#.###.....>......
#.....<[...#####.
#####.###..# #.
#.# #..#####. #.#
#.)......


You could see an orc priest and an orc.

Vanquished Creatures
  Prince Ribbit (D:5)
  An orc warrior (D:5)
  An ogre (D:5)
  A scorpion (D:4)
  4 wights (D:5)
  2 jellies (D:5)
  3 hounds
  A bullfrog skeleton (D:5)
  2 orc priests (D:5)
  3 orc wizards
  3 worker ants (D:4)
  A hound skeleton (D:5)
  A howler monkey skeleton (D:4)
  4 worker ant zombies (D:5)
  3 adders
  A shadow imp (D:5)
  An adder zombie (D:5)
  2 adder skeletons (D:5)
  6 worms
  A dart slug (D:5)
  2 leopard geckos
  5 orcs
  6 bats
  2 giant cockroaches (D:3)
  10 goblins
  5 hobgoblins
  4 jackals
  A ball python (D:1)
  A frilled lizard (D:1)
  3 jackal skeletons
  A jackal zombie (D:5)
  6 kobolds
  7 rats
95 creatures vanquished.

Notes
Turn   | Place    | Note
-------+----------+-------------------------------------------
     0 | D:1      | Amnesiac the Mummy Earth Elementalist began the quest for the Orb.
     0 | D:1      | Reached XP level 1. HP: 13/13 MP: 3/3
   373 | D:1      | Reached XP level 2. HP: 19/19 MP: 3/5
   412 | D:1      | Reached skill level 3 in Earth Magic
   680 | D:1      | Learned a level 2 spell: Passwall
   994 | D:2      | Reached XP level 3. HP: 24/24 MP: 1/6
  1284 | D:3      | Reached skill level 4 in Earth Magic
  1284 | D:3      | Reached XP level 4. HP: 8/30 MP: 0/7
  1637 | D:3      | Learned a level 4 spell: Petrify
  1650 | D:4      | Noticed a phantom
  1740 | D:4      | Found a blossoming altar of Fedhas.
  2227 | D:4      | Reached XP level 5. HP: 35/35 MP: 2/8
  2481 | D:4      | Reached skill level 5 in Earth Magic
  2805 | D:5      | Entered Level 5 of the Dungeon
  2875 | D:5      | Reached XP level 6. HP: 41/41 MP: 6/9
  2933 | D:5      | Found a sparkling altar of Nemelex Xobeh.
  2949 | D:5      | Reached skill level 6 in Earth Magic
  2996 | D:5      | Noticed Prince Ribbit
  3005 | D:5      | Killed Prince Ribbit
  3005 | D:5      | Reached XP level 7. HP: 46/46 MP: 5/10
  3119 | D:5      | Found a hazy altar of Hepliaklqana.
  3119 | D:5      | Found a burning altar of Makhleb.
  3119 | D:5      | Found a glowing golden altar of the Shining One.
  3424 | D:5      | Reached skill level 7 in Earth Magic
  4216 | D:6      | Noticed a hippogriff
  4602 | D:5      | Reached XP level 8. HP: 12/52 MP: 10/13
  4962 | D:6      | Found a deep blue altar of Sif Muna.
  5018 | D:5      | Reached skill level 1 in Transmutations
  5157 | D:6      | Killed by miscasting Petrify

Vault maps used:
D:1:      sevenhm_arrival_forest_fort_large_1, hangedman_decor_points
D:2:      kennysheep_another_room
D:3:      uniq_grinder
D:4:      kennysheep_the_goblin_king, fedhas_altar_3
D:5:      nemelex_xobeh_ov_fountains_minmay, gammafunk_temple_overflow_claw,
          first_bread, serial_undead, serial_undead_c, serial_undead_e,
          serial_undead_b, serial_undead_d, serial_undead_b, serial_undead_a,
          kennysheep_generic_room_15, uniq_prince_ribbit1
D:6:      nicolae_whirlpool, old_standard_altar, nicolae_overflow_crystal_walls,
          gammafunk_temple_overflow_wave, uniq_blork_the_orc

Skill      XL: |  1  2  3  4  5  6  7  8 |
---------------+-------------------------+-----
Earth Magic    | 3 4 5 6 7 |  7.6
Spellcasting   | 3 4 |  4.0
Transmutations | 1 |  1.8
Short Blades   | |  0.7
Dodging        | |  1.5
Stealth        | |  1.5

Action                   |  1- 3 |  4- 6 |  7- 9 || total
-------------------------+-------+-------+-------++-------
Melee: Unarmed           |     6 |       |       ||     6
       Dagger            |     5 |       |       ||     5
       Short sword       |       |       |    50 ||    50
 Fire: Blowgun           |       |    10 |       ||    10
       Hunting sling     |       |     7 |       ||     7
 Cast: Sandblast         |    66 |    77 |    84 ||   227
       Passwall          |     1 |       |     1 ||     2
       Petrify           |       |       |     3 ||     3
 Stab: Sleeping          |     1 |       |       ||     1
       Petrified         |       |       |    26 ||    26
Armor: Robe              |    13 |     5 |    10 ||    28
Dodge: Dodged            |    35 |    33 |    54 ||   122
